 Dungeon Crawl Stone Soup version 0.25.0-10-g039870e (webtiles) character file.

Game seed: 3607538135129139116

153172 ratboy the Warrior (level 17, -6/165 HPs)
             Began as a Yellow Draconian Conjurer on June 24, 2020.
             Was a High Priest of Vehumet.
             Mangled by a spriggan rider
             ... wielding a +0 spear
              (16 damage)
             ... on level 2 of the Swamp.
             The game lasted 02:10:27 (51535 turns).

ratboy the Warrior (Yellow Draconian Conjurer)     Turns: 51535, Time: 02:10:28

Health: -6/165     AC: 16    Str: 11    XL:     17   Next: 4%
Magic:  22/42      EV: 19    Int: 20    God:    Vehumet [*****.]
Gold:   757        SH:  5    Dex: 16    Spells: 7/41 levels left

rFire    . . .     SeeInvis +   a - staff of conjuration
rCold    . . .     Gourm    .   C - +0 buckler "Ivaisaeck" {rCorr Dex+3}
rNeg     + + .     Faith    .   (armour unavailable)
rPois    +         Spirit   .   w - +0 hat "Cebremnu" {rN+}
rElec    .         Reflect  .   W - +2 ratskin cloak {+Rats rPois rN+ Str-1 Int-1 Dex+1}
rCorr    +         Harm     .   i - +0 pair of gloves
MR       +....                  X - +2 pair of boots
Stlth    ++........             F - amulet of magic regeneration
HPRegen  0.37/turn              V - ring of magical power
MPRegen  0.53/turn              j - ring of see invisible

@: studying Polearms
A: spit acid, unfitting armour, acidic bite, cold-blooded, acid resistance, AC
+9
a: Breathe Acid, Renounce Religion, Evoke Ratskin


You were on level 2 of the Swamp.
You worshipped Vehumet.
Vehumet was extremely pleased with you.
You were near starving.

You visited 5 branches of the dungeon, and saw 26 of its levels.
You also visited: Gauntlet.

You collected 3312 gold pieces.
You spent 2555 gold pieces at shops.

Inventory:

Hand Weapons
 b - a +4 demon trident of freezing
Missiles
 D - a throwing net (quivered)
 E - 16 curare-tipped darts
Armour
 i - a +0 pair of gloves (worn)
 w - the +0 hat "Cebremnu" (worn) {rN+}
   (You found it in a Gauntlet)

   It protects you from negative energy.
 C - the +0 buckler "Ivaisaeck" (worn) {rCorr Dex+3}
   (You bought it in a shop on level 6 of the Dungeon)

   It affects your dexterity (+3).
   It provides partial protection from all sources of acid and corrosion.
 I - a +2 cloak of magic resistance
 W - the +2 ratskin cloak (worn) {+Rats rPois rN+ Str-1 Int-1 Dex+1}
   (You found it in a Gauntlet)

   It affects your strength (-1).
   It affects your intelligence (-1).
   It affects your dexterity (+1).
   It protects you from poison.
   It protects you from negative energy.
 X - a +2 pair of boots (worn)
Magical Staves
 a - an uncursed staff of conjuration (weapon)
Jewellery
 e - an uncursed ring of stealth
 j - a ring of see invisible (right hand)
 y - the amulet "Teniq" {Faith +Fly Int+2 Stlth+}
   (You took it off a minotaur in a Gauntlet)

   [amulet of faith]

   It allows you to gain divine favour quickly.
   It affects your intelligence (+2).
   It lets you fly.
   It makes you more stealthy.
 B - an uncursed ring of fire
 F - an amulet of magic regeneration (around neck)
 Q - an uncursed ring of ice
 R - a +6 ring of dexterity
 V - a ring of magical power (left hand)
Wands
 o - a wand of acid (26)
 r - a wand of enslavement (39)
 x - a wand of polymorph (6)
 H - a wand of paralysis (11)
 K - a wand of flame (26)
 P - a wand of iceblast (16)
Scrolls
 d - 21 scrolls of remove curse
 n - 9 scrolls of teleportation
 p - 2 scrolls of immolation
 t - 4 scrolls of fear
 u - 8 scrolls of enchant armour
 v - 4 scrolls of amnesia
 z - 3 scrolls of fog
 L - a scroll of holy word
 S - 2 scrolls of blinking
Potions
 c - 8 potions of might
 f - 13 potions of curing
 g - 3 potions of mutation
 k - 3 potions of haste
 l - a potion of heal wounds
 m - 3 potions of magic
 q - 3 potions of lignification
 s - 10 potions of brilliance
 A - a potion of berserk rage
 G - 4 potions of resistance
 M - a potion of cancellation
 N - 2 potions of flight
 T - 3 potions of stabbing
 U - 2 potions of invisibility
Books
 O - a manual of Polearms
Comestibles
 J - 31 rations


   Skills:
 + Level 18.2 Fighting
 * Level 7.0 Polearms
 + Level 9.7 Dodging
 - Level 1.7 Stealth
 - Level 4.0 Shields
 + Level 12.7 Spellcasting
 + Level 12.9 Conjurations
 - Level 6.0 Hexes
 - Level 3.0 Necromancy
 + Level 3.5 Translocations
 - Level 8.0 Fire Magic
 - Level 6.0 Earth Magic
 - Level 5.0 Evocations


You had 7 spell levels left.
You knew the following spells:

 Your Spells              Type           Power        Failure   Level  Hunger
a - Magic Dart            Conj           ####         1%          1    None
b - Searing Ray           Conj           ######       1%          2    None
c - Fulminant Prism       Conj/Hex       ######....   1%          4    None
d - Animate Skeleton      Necr           N/A          1%          1    None
e - Apportation           Tloc           ####..       1%          1    None
f - Stone Arrow           Conj/Erth      ######       1%          3    None
g - Bolt of Magma         Conj/Fire/Erth ######....   1%          5    ####...
h - Starburst             Conj/Fire      ######....   3%          6    #####..
i - Orb of Destruction    Conj           #######...   6%          7    #######
j - Passwall              Tmut/Erth      ###.....     2%          2    None
k - Blink                 Tloc           N/A          1%          2    None

Your spell library contained the following spells:

 Spells                   Type           Power        Failure   Level  Hunger
 Lehudib's Crystal Spear  Conj/Erth      ######....   83%         8    #######
 Corona                   Hex            #####..      1%          1    None
 Slow                     Hex            #####...     1%          2    None
 Confusing Touch          Hex            #####...     1%          3    None
 Conjure Flame            Conj/Fire      ######..     1%          3    None
 Dazzling Flash           Conj/Hex       ######       1%          3    None
 Mephitic Cloud           Conj/Pois/Air  #####...     1%          3    None
 Iskenderun's Mystic Bla  Conj/Tloc      ######..     1%          4    None
 Shroud of Golubria       Chrm/Tloc      ###...       3%          2    None
 Gell's Gravitas          Tloc           ####......   3%          3    None
 Irradiate                Conj/Tmut      ######....   3%          5    ####...
 Lee's Rapid Deconstruct  Erth           #####.....   3%          5    ####...
 Summon Guardian Golem    Hex/Summ       ###.....     4%          3    None
 Vampiric Draining        Necr           ###.......   4%          3    None
 Infusion                 Chrm           ##..         5%          1    None
 Summon Small Mammal      Summ           ##..         5%          1    None
 Call Imp                 Summ           ##......     8%          2    None
 Swiftness                Chrm/Air       ##......     8%          2    None
 Recall                   Summ/Tloc      N/A          8%          3    None
 Yara's Violent Unravell  Hex/Tmut       ###.......   11%         5    ####...
 Passage of Golubria      Tloc           N/A          12%         4    None
 Call Canine Familiar     Summ           ##......     16%         3    None
 Animate Dead             Necr           N/A          16%         4    None
 Petrify                  Tmut/Erth      ###.....     16%         4    None
 Borgnjor's Vile Clutch   Necr/Erth      ####......   22%         5    ####...
 Freezing Cloud           Conj/Ice/Air   #####.....   32%         6    #####..
 Metabolic Englaciation   Hex/Ice        ###.......   38%         5    ####...
 Ice Form                 Ice/Tmut       ##......     45%         4    None
 Summon Ice Beast         Ice/Summ       ##......     45%         4    None
 Summon Lightning Spire   Summ/Air       ##......     45%         4    None
 Darkness                 Hex            #####.....   56%         6    #####..
 Invisibility             Hex            #####...     56%         6    #####..
 Excruciating Wounds      Chrm/Necr      ###.......   61%         5    ####...
 Ozocubu's Refrigeration  Ice            ##........   86%         6    #####..
 Death Channel            Necr           ###.......   93%         6    #####..
 Statue Form              Tmut/Erth      ###......    93%         6    #####..
 Simulacrum               Ice/Necr       ###.......   99%         6    #####..
 Hydra Form               Tmut           ##........   100%        6    #####..
 Dragon Form              Tmut           ##........   100%        7    #######
 Malign Gateway           Summ/Tloc      ###.......   100%        7    #######
 Monstrous Menagerie      Summ           ##........   100%        7    #######
 Summon Greater Demon     Summ           ##........   100%        7    #######
 Summon Horrible Things   Summ           ##........   100%        8    #######


Dungeon Overview and Level Annotations

Branches:
Dungeon (15/15)            Temple (1/1) D:7            Lair (6/6) D:10
  Swamp (2/4) Lair:2        Snake (0/4) Lair:3        Slime (0/5) Lair:5
    Orc (2/2) D:12            Elf (0/3) Orc:2        Vaults (0/5) D:14
 Depths (0/5) D:15        Gauntlet (visited)

Altars:
Ashenzari
Cheibriados
Dithmenos
Elyvilon
Fedhas
Gozag
Hepliaklqana
Kikubaaqudgha
Makhleb
Nemelex Xobeh
Okawaru
Qazlal
Ru
Sif Muna
Trog
Uskayaw
Vehumet
Wu Jian
Xom
Yredelemnul
Zin
The Shining One
Beogh
Jiyva

Shops:
D:6 *[[?   D:12 [*   D:14 }   Orc:2 :*[(

Annotations:
Swamp:1 exclusion: downstairs
Swamp:2 1 runed translucent door, Iffuusoj's ghost, adept MiBe; Louise


Innate Abilities, Weirdness & Mutations

You can spit globs of acid.
Your golden yellow scales are hard. (AC +9)
You cannot fit into any form of body armour.
You have acidic saliva.
You are cold-blooded and may be slowed by cold attacks.
You are resistant to acid. (rCorr)


Message History

* * * LOW HITPOINT WARNING * * *
You block the alligator's attack.
The spriggan rider hits you from afar with a +0 spear.
* * * LOW HITPOINT WARNING * * *
The alligator barely misses you. The alligator tail-slaps you.
* * * LOW HITPOINT WARNING * * *
The alligator bites you!
* * * LOW HITPOINT WARNING * * *
The alligator tail-slaps you but does no damage.
The spriggan rider hits you from afar with a +0 spear.
* * * LOW HITPOINT WARNING * * *
The alligator bites you!!
* * * LOW HITPOINT WARNING * * *
The alligator completely misses you. You block the spriggan rider's attack.
There is a stone staircase leading up, spattered with blood here.
The alligator bites you!
* * * LOW HITPOINT WARNING * * *
The alligator closely misses you.
The spriggan rider hits you from afar with a +0 spear!
You die...

≈≈≈≈♣♣≈..≈.....≈...≈..≈≈≈...≈♣♣
....≈♣...≈.≈≈≈≈≈≈..†.≈≈≈≈≈≈≈≈.♣♣♣.
<.≈≈≈..≈≈..≈≈≈≈≈.♣♣♣♣.≈≈≈.≈≈≈≈.≈≈.
..≈≈≈≈≈≈.≈.≈≈≈≈.♣♣ ♣.≈≈...J≈≈≈...
.≈.≈≈≈≈≈≈♣≈.≈≈≈.♣ ♣≈.≈..≈≈≈≈≈≈≈≈
≈..≈≈≈≈.♣♣..≈...♣ ♣♣≈.♣♣≈≈≈≈≈≈≈≈
....≈♣♣♣♣.≈≈≈...♣♣♣♣♣♣≈.♣♣.≈≈≈≈≈≈J
....≈≈.≈..≈≈≈♣♣♣♣♣..≈♣♣♣♣♣≈...≈≈≈≈
≈♣♣...≈≈≈...♣♣ ♣♣dt≈.♣ ≈........
.♣♣♣≈≈≈≈...♣♣ ♣♣..≈i≈♣ ♣≈≈...... ♣♣
♣♣≈≈≈..♣♣ ♣♣..≈≈≈.♣♣♣ ♣.≈.♣♣♣♣§. ♣
♣♣.≈♣..♣♣♣.≈≈....≈≈♣♣♣♣♣≈♣ .i
♣♣♣♣♣♣♣.......≈≈..≈≈≈..♣♣ ♣≈♣ ♣≈≈
♣♣.≈.≈♣♣♣..≈≈.≈≈≈..≈≈≈≈.≈♣♣♣≈♣♣♣≈[§
≈.≈≈≈.....≈≈≈..≈..§..≈≈≈≈≈♣.≈≈♣....
♣.≈≈≈≈≈..≈≈≈≈........≈≈≈♣.≈........
♣♣.≈≈≈...≈.≈≈...≈≈.(♣♣♣♣♣≈≈..≈≈≈..≈


You could see an alligator (swift) and a spriggan rider.

Vanquished Creatures
  A sphinx (D:14)
  A thorn hunter (Swamp:1)
  Kirke (D:14)
  A fire giant (D:14)
  A tengu reaver (D:14)
  Roxanne (D:14)
  An iron dragon (D:14)
  An orc warlord (Orc:2)
  A very ugly thing (Swamp:1)
  A minotaur (Gauntlet)
  Azrael (D:14)
  The ghost of Wivisuo the Tainter, a journeyman OgVM (D:12)
  Josephine (Lair:6)
  A yaktaur captain (D:12)
  A great orb of eyes (Gauntlet)
  Erolcha (D:9)
  19 hydras
  2 ice dragons (D:15)
  A ghost crab (Swamp:2)
  4 vault guards
  4 centaur warriors
  11 two-headed ogres
  2 tengu warriors (D:14)
  3 catoblepae (Lair:6)
  3 ogre magi
  A death knight (D:11)
  3 alligators
  3 orc high priests
  8 death yaks
  Urug (Lair:5)
  A fire crab (Lair:6)
  3 skeletal warriors
  4 unseen horrors
  Pikel (D:4)
  A wolf spider zombie (D:15)
  4 orc knights
  A swamp dragon (Swamp:2)
  A wolf spider (D:15)
  2 deep elf magi
  4 cyclopes
  A salamander (D:14)
  5 orc sorcerers
  15 ugly things
  4 manticores
  10 elephants
  Maurice (D:8)
  5 black mambas
  Psyche (D:8)
  14 spiny frogs
  A torpor snail (Lair:5)
  A gargoyle (D:15)
  5 rime drakes
  5 komodo dragons
  A yaktaur (D:14)
  2 freezing wraiths
  3 meliai (Lair:5)
  A queen bee (Lair:5)
  6 trolls
  2 polar bears
  5 hornets
  A tyrant leech (Swamp:2)
  24 slime creatures
  8 blink frogs
  A meliai zombie (D:15)
  3 bog bodies
  A raiju (Gauntlet)
  21 hippogriffs
  9 flying skulls (Gauntlet)
  4 spriggans
  2 shadows
  8 wyverns
  Eustachio (D:4)
  2 vampires (D:14)
  4 fire elementals (D:14)
  63 yaks
  8 wraiths
  8 basilisks
  2 hogs (D:14)
  Grum (D:9)
  A hungry ghost (D:13)
  4 steam dragons
  12 vampire mosquitoes
  6 insubstantial wisps (Swamp:1)
  A warg (Orc:2)
  5 swamp worms
  4 nagas (Lair:3)
  A soldier ant (D:13)
  20 water moccasins
  13 porcupines
  2 hell hounds (D:14)
  36 orc warriors
  8 swamp drakes
  A slave (D:4)
  4 ice beasts
  3 phantoms
  An eye of draining (D:14)
  2 black bears (D:9)
  3 sky beasts
  15 wolves
  A necrophage (D:7)
  12 ogres
  22 centaurs
  12 crocodiles
  2 big kobolds
  21 bullfrogs
  3 wyvern skeletons
  6 scorpions
  50 killer bees
  4 wights
  6 electric eels
  2 howler monkeys (D:14)
  7 crimson imps
  A bullfrog zombie (D:11)
  5 centaur zombies
  A quasit (D:9)
  16 hounds
  26 orc priests
  6 jellies
  2 bullfrog skeletons (D:10)
  9 centaur skeletons
  4 iguanas
  29 orc wizards
  12 worker ants
  A killer bee zombie (D:9)
  4 hound skeletons
  A mummy (D:5)
  A howler monkey zombie (D:6)
  4 gnolls (D:7)
  2 howler monkey skeletons (D:4)
  12 adders
  8 shadow imps
  2 oozes
  An adder zombie (D:8)
  An adder skeleton (D:9)
  3 worms
  4 dart slugs
  5 leopard geckos
  108 orcs
  5 giant cockroaches
  5 goblins
  7 hobgoblins
  12 jackals
  6 quokkas
  7 bats
  6 frilled lizards
  6 kobolds
  A quokka skeleton (D:6)
  5 rats
  A fulminant prism (D:14)
  4 fungi
  A plant (Lair:6)
986 creatures vanquished.

Vanquished Creatures (others)
  An unseen horror (D:14)
  A centaur zombie (D:14)
  2 humans (D:14)
  A jelly (D:14)
  A shadow imp (D:8)
  14 bushes (D:15)
  162 fulminant prisms
  29 fungi
  17 plants
228 creatures vanquished.

Grand Total: 1214 creatures vanquished

Notes
Turn   | Place    | Note
-------+----------+-------------------------------------------
     0 | D:1      | ratboy the Draconian Conjurer began the quest for the Orb.
     0 | D:1      | Reached XP level 1. HP: 14/14 MP: 3/3
   350 | D:1      | Reached XP level 2. HP: 22/22 MP: 5/5
   562 | D:1      | Reached skill level 1 in Fighting
  1303 | D:1      | Learned a level 2 spell: Searing Ray
  1313 | D:1      | Reached XP level 3. HP: 27/28 MP: 2/7
  1784 | D:2      | Reached XP level 4. HP: 35/36 MP: 5/8
  2490 | D:2      | Reached skill level 2 in Fighting
  3020 | D:3      | Reached XP level 5. HP: 41/41 MP: 5/10
  3542 | D:3      | You fall into a shaft and drop 2 floors!
  3542 | D:5      | Entered Level 5 of the Dungeon
  3605 | D:4      | Reached skill level 3 in Fighting
  3773 | D:3      | Reached XP level 6. HP: 51/51 MP: 8/12
  3994 | D:4      | Reached skill level 5 in Conjurations
  4559 | D:4      | Reached skill level 5 in Spellcasting
  4706 | D:4      | Your scales start taking on a golden yellow colour.
  4706 | D:4      | Reached XP level 7. HP: 58/58 MP: 10/14
  4706 | D:4      | Gained mutation: You are resistant to acid. (rCorr) [Yellow
                  | Draconian growth]
  4831 | D:4      | Reached skill level 4 in Fighting
  5026 | D:4      | Noticed Eustachio
  5056 | D:4      | Killed Eustachio
  5128 | D:4      | Noticed Pikel
  5154 | D:4      | Killed Pikel
  5154 | D:4      | Reached skill level 6 in Fighting
  5154 | D:4      | Reached XP level 8. HP: 46/70 MP: 3/15
  6120 | D:5      | Reached skill level 7 in Fighting
  6836 | D:6      | Reached skill level 8 in Fighting
  7292 | D:6      | Found Zantacw's Antique Armour Shop.
  7300 | D:6      | Reached XP level 9. HP: 82/82 MP: 14/16
  7423 | D:6      | Found Gennea Ugre's Magic Scroll Emporium.
  7432 | D:6      | Bought a scroll of identify for 28 gold pieces
  7432 | D:6      | Bought a scroll of remove curse for 42 gold pieces
  7432 | D:6      | Bought a scroll of random uselessness for 14 gold pieces
  7432 | D:6      | Bought a scroll of teleportation for 42 gold pieces
  7551 | D:6      | Reached skill level 9 in Fighting
  7591 | D:6      | Found Xasue's Assorted Antiques.
  7730 | D:6      | Found Qorup's Antique Armour Emporium.
  7786 | D:6      | Found a glowing golden altar of the Shining One.
  7794 | D:6      | Found an iron altar of Okawaru.
  7955 | D:7      | Reached skill level 10 in Fighting
  8176 | D:7      | Found a staircase to the Ecumenical Temple.
  8202 | Temple   | Entered the Ecumenical Temple
  8394 | Temple   | Became a worshipper of Vehumet
  8887 | D:7      | Reached skill level 11 in Fighting
  9176 | D:7      | Learned a level 4 spell: Fulminant Prism
  9178 | D:7      | Learned a level 1 spell: Animate Skeleton
  9180 | D:7      | Learned a level 1 spell: Apportation
  9539 | D:6      | Bought an ichor-stained buckler for 209 gold pieces
  9544 | D:6      | Identified the cursed +0 buckler "Ivaisaeck" {rCorr Dex+3}
                  | (You bought it in a shop on level 6 of the Dungeon)
  9544 | D:6      | rubbish
  9581 | D:8      | Found a snail-covered altar of Cheibriados.
  9779 | D:8      | Reached * piety under Vehumet
  9779 | D:8      | Offered knowledge of Sandblast by Vehumet.
 10095 | D:8      | Reached skill level 1 in Translocations
 10161 | D:8      | Reached skill level 1 in Shields
 10161 | D:8      | Reached skill level 1 in Necromancy
 10251 | D:8      | Found a sparkling altar of Nemelex Xobeh.
 10254 | D:8      | Noticed Maurice
 10255 | D:8      | Paralysed by Maurice for 5 turns
 10297 | D:8      | Reached skill level 1 in Hexes
 10300 | D:8      | Paralysed by something for 4 turns
 10306 | D:8      | Killed Maurice
 10306 | D:8      | Reached XP level 10. HP: 49/96 MP: 8/17
 10567 | D:8      | Noticed Psyche
 10583 | D:8      | Killed Psyche
 11199 | D:9      | Noticed Grum
 11208 | D:9      | Killed Grum
 11496 | D:9      | Offered knowledge of Freeze by Vehumet.
 11505 | D:9      | Reached ** piety under Vehumet
 11628 | D:9      | Noticed Erolcha
 11638 | D:9      | Killed Erolcha
 12119 | D:10     | Entered Level 10 of the Dungeon
 12182 | D:9      | Reached skill level 12 in Fighting
 12714 | D:10     | Reached XP level 11. HP: 97/104 MP: 13/20
 12745 | D:10     | Offered knowledge of Ignite Poison by Vehumet.
 13163 | D:10     | Reached *** piety under Vehumet
 13549 | D:10     | Offered knowledge of Conjure Flame by Vehumet.
 13803 | D:10     | Found a staircase to the Lair.
 14263 | D:11     | Noticed a skeletal warrior
 14268 | D:11     | Noticed a skeletal warrior
 14271 | D:11     | Noticed a death knight
 14359 | Lair:1   | Entered Level 1 of the Lair of Beasts
 14375 | Lair:1   | Reached **** piety under Vehumet
 14375 | Lair:1   | Reached skill level 5 in Hexes
 14551 | Lair:1   | Offered knowledge of Stone Arrow by Vehumet.
 14556 | Lair:1   | Learned a level 3 spell: Stone Arrow
 15228 | D:6      | Bought a pair of gloves for 103 gold pieces
 15283 | D:6      | Bought a pair of embroidered boots for 165 gold pieces
 15334 | D:6      | Bought a scroll labeled RIMUT GYAXA for 31 gold pieces
 15522 | Lair:2   | Reached skill level 10 in Conjurations
 15709 | Lair:2   | Reached skill level 13 in Fighting
 16352 | Lair:2   | Reached XP level 12. HP: 115/115 MP: 20/23
 16389 | Lair:2   | Found a staircase to the Swamp.
 17104 | Lair:3   | Noticed Sonja
 17105 | Lair:3   | Noticed Sonja
 17105 | Lair:3   | Sonja changed into Sonja the polar bear
 17112 | Lair:3   | Killed Sonja the polar bear
 17112 | Lair:3   | Reached skill level 14 in Fighting
 17349 | Lair:3   | Found a staircase to the Snake Pit.
 17934 | Lair:4   | Reached skill level 15 in Fighting
 18390 | Lair:4   | Reached skill level 1 in Evocations
 18764 | Lair:4   | You fall into a shaft and drop 2 floors!
 18764 | Lair:6   | Entered Level 6 of the Lair of Beasts
 18770 | Lair:6   | Noticed a death yak
 18770 | Lair:6   | Noticed a death yak
 18770 | Lair:6   | Noticed a death yak
 19948 | Lair:5   | Reached XP level 13. HP: 105/127 MP: 22/25
 20054 | Lair:5   | Reached ***** piety under Vehumet
 20121 | Lair:5   | Found a sacrificial altar of Ru.
 20160 | Lair:5   | Noticed Urug
 20175 | Lair:5   | Killed Urug
 20385 | Lair:5   | Found a viscous altar of Jiyva.
 20390 | Lair:5   | Found a staircase to the Slime Pits.
 20590 | Lair:5   | Offered knowledge of Bolt of Magma by Vehumet.
 23571 | Lair:5   | Found a staircase to the Slime Pits.
 23572 | Lair:5   | Found a viscous altar of Jiyva.
 23658 | Lair:5   | Found a sacrificial altar of Ru.
 24439 | Lair:6   | Noticed Josephine
 24680 | Lair:5   | HP: 5/128 [four-headed hydra (10)]
 24682 | Lair:5   | Reached skill level 5 in Dodging
 25087 | Lair:5   | Reached skill level 5 in Evocations
 25099 | Lair:5   | Learned a level 5 spell: Bolt of Magma
 26812 | Lair:6   | Reached skill level 16 in Fighting
 27154 | Lair:6   | Offered knowledge of Starburst by Vehumet.
 27162 | Lair:6   | Learned a level 6 spell: Starburst
 27255 | Lair:6   | Gained mutation: You have acidic saliva. [Yellow Draconian
                  | growth]
 27255 | Lair:6   | Reached XP level 14. HP: 113/137 MP: 22/27
 27622 | Lair:6   | Killed Josephine
 28206 | Lair:6   | Reached skill level 10 in Spellcasting
 30913 | D:10     | Reached skill level 1 in Fire Magic
 30913 | D:10     | Reached skill level 1 in Earth Magic
 31293 | D:11     | Offered knowledge of Fireball by Vehumet.
 32366 | D:12     | Found a runed translucent gate.
 32366 | D:12     | Found a runed translucent gate.
 32366 | D:12     | Found a runed translucent gate.
 32366 | D:12     | Found an opulent altar of Gozag.
 32366 | D:12     | Found Osojoose's Assorted Antiques.
 32374 | D:12     | Noticed Wivisuo's ghost (journeyman OgVM)
 32519 | D:12     | Found a shimmering altar of Xom.
 32520 | D:12     | Found a shimmering altar of Xom.
 32520 | D:12     | Found a shimmering altar of Xom.
 32520 | D:12     | Found a shimmering altar of Xom.
 32521 | D:12     | Found a shimmering altar of Xom.
 32522 | D:12     | Found a shimmering altar of Xom.
 33136 | D:12     | Found Okadisus's Antique Armour Emporium.
 33216 | D:12     | Found a staircase to the Orcish Mines.
 33469 | D:6      | Bought a scroll of blinking for 105 gold pieces
 33469 | D:6      | Bought a scroll of teleportation for 42 gold pieces
 33469 | D:6      | Bought a scroll of blinking for 105 gold pieces
 33469 | D:6      | Bought a scroll of blinking for 105 gold pieces
 34494 | D:13     | Reached skill level 17 in Fighting
 34497 | D:13     | Offered knowledge of Lee's Rapid Deconstruction by Vehumet.
 34828 | D:13     | Reached XP level 15. HP: 143/147 MP: 20/30
 34965 | D:13     | Found a radiant altar of Vehumet.
 35144 | D:14     | Noticed Roxanne
 35273 | D:14     | Killed Roxanne
 35343 | D:14     | Noticed Nessos
 35848 | D:14     | Noticed Azrael
 35871 | D:14     | Killed Azrael
 36612 | D:14     | Noticed Nessos
 36612 | D:14     | Nessos changed into Nessos the salamander
 36634 | D:14     | Killed Nessos the salamander
 36791 | D:14     | Found a gate to the Vaults.
 37062 | D:14     | Noticed Kirke
 37079 | D:14     | Killed Kirke
 37079 | D:14     | Reached skill level 5 in Fire Magic
 37207 | D:14     | Found Gicvua's Gadget Emporium.
 37490 | D:14     | Reached skill level 5 in Earth Magic
 37953 | D:14     | Offered knowledge of Orb of Destruction by Vehumet.
 37978 | D:14     | Learned a level 7 spell: Orb of Destruction
 38273 | D:14     | Noticed a fire giant
 38273 | D:14     | Noticed a tengu reaver
 38289 | D:14     | Noticed an iron dragon
 39038 | D:14     | Killed a tengu reaver
 39382 | D:14     | Killed a fire giant
 39583 | D:14     | Noticed a sphinx
 39591 | D:14     | Killed a sphinx
 39938 | D:14     | Killed an iron dragon
 40320 | D:15     | Entered Level 15 of the Dungeon
 41213 | D:15     | Reached skill level 1 in Polearms
 41213 | D:15     | Reached XP level 16. HP: 104/157 MP: 25/32
 41975 | D:15     | Found a staircase to the Depths.
 42488 | D:15     | Found an ornate altar of the Wu Jian Council.
 43377 | Orc:1    | Entered Level 1 of the Orcish Mines
 43526 | Orc:2    | Entered Level 2 of the Orcish Mines
 43575 | Orc:2    | Found a gate leading to a gauntlet.
 43584 | Gauntlet | Entered a Gauntlet
 43584 | Gauntlet | Found a transporter.
 43584 | Gauntlet | Found a transporter.
 43600 | Gauntlet | Found a transporter.
 43604 | Gauntlet | Found a transporter.
 43618 | Gauntlet | Found a transporter.
 43620 | Gauntlet | Found a transporter.
 43630 | Gauntlet | Found a transporter.
 43678 | Gauntlet | Found a transporter.
 43678 | Gauntlet | Found a transporter.
 43720 | Gauntlet | Found a transporter.
 43721 | Gauntlet | Found a transporter.
 43736 | Gauntlet | Found a transporter.
 43958 | Gauntlet | Offered knowledge of Lightning Bolt by Vehumet.
 43975 | Gauntlet | Got a bloodstained hat
 43987 | Gauntlet | Identified the +0 hat "Cebremnu" {rN+} (You found it in a
                  | Gauntlet)
 44211 | Gauntlet | Identified the amulet "Teniq" {Faith +Fly Int+2 Stlth+}
 44212 | Gauntlet | Found the +2 ratskin cloak {+Rats rPois rN+ Str-1 Int-1
                  | Dex+1}
 44227 | Gauntlet | Identified Sif Muna's Reference Book on Boosts and Unholy
                  | Arts
 44343 | Orc:2    | Found a roughly hewn altar of Beogh.
 45450 | Orc:2    | Reached skill level 18 in Fighting
 46448 | Orc:2    | Offered knowledge of Lehudib's Crystal Spear by Vehumet.
 46991 | Orc:2    | Found a staircase to the Elven Halls.
 47048 | Orc:2    | Found a roughly hewn altar of Beogh.
 47138 | Orc:2    | Found Dongeiz's Antique Armour Boutique.
 47139 | Orc:2    | Found Syusuelo's Antique Weapon Shop.
 47140 | Orc:2    | Found Gorphuopp's General Store.
 47140 | Orc:2    | Found Kufitok's Book Boutique.
 47209 | Orc:2    | Bought a manual of Polearms for 1324 gold pieces
 47212 | Orc:2    | Learned a level 2 spell: Passwall
 47212 | Orc:2    | Bought a book of Minor Magic for 240 gold pieces
 47215 | Orc:2    | Learned a level 2 spell: Blink
 47355 | D:12     | Killed Wivisuo's ghost
 48094 | Swamp:1  | Entered Level 1 of the Swamp
 49187 | Swamp:1  | Reached skill level 5 in Polearms
 49719 | Swamp:2  | Noticed a thorn hunter
 50158 | Swamp:1  | Killed a thorn hunter
 50495 | Swamp:2  | Noticed Louise
 51085 | Swamp:2  | Found a runed translucent door.
 51087 | Swamp:2  | Found a shimmering altar of Xom.
 51087 | Swamp:2  | Noticed Iffuusoj's ghost (adept MiBe)
 51318 | Swamp:2  | Reached XP level 17. HP: 165/165 MP: 33/33
 51535 | Swamp:2  | Mangled by a spriggan rider

Illustrated notes

....#...###.....#..........##
.....#..####....#.....#..[..##
#).####...............##..(..#####
#..## ####.............###....#..##
....#####..........................
##................................#
#.............#........#......#...
##...........##.....#..#......##.<
#...........###.d...#..........#..
##..#........##...........#.......
#####.....#####.###....#.####....
#.###.# ####.....#### ##... ### ###
#........# ##.. #........# ##.
#####...## ## ##.## ###


Turn 9544 on D:6: rubbish

Levels and vault maps discovered:
D:1:      scummos_arrival_simple_fountains, layout_basic, minivault_11,
          patterned_corridor
D:2:      layout_basic
D:3:      layout_loops_ring, chequers_serial_rivers_micro_e
D:4:      layout_cave_pods, uniq_pikel, uniq_eustachio
D:5:      layout_loops_ring, gup_ossuary_entry_pyramid, first_ration
D:6:      layout_cave_pools, amethyst_overflow_temple_binary, serial_shops,
          shop, shop, shop, nicolae_shop_statue_plus
D:7:      layout_basic, minmay_temple_entry_purple_smoke
D:8:      layout_rooms, overflow_temple_1_default, cheibriados_altar_1,
          kennysheep_path_1, uniq_maurice, uniq_psyche
D:9:      layout_roguey, the_bakery, uniq_grum, uniq_erolcha
D:10:     layout_gridville, erik_lair_island, kennysheep_generic_room_4
D:11:     layout_rooms
D:12:     layout_rooms, hiddenorc1_lemuel, ebering_ghost_gozag, serial_shops,
          kennysheep_mini_moat, xom_shifter_show
D:13:     layout_roguey, basic_altar
D:14:     kennysheep_snake, layout_basic, lightli_vaults_fourway_checkpoint,
          serial_shops, shop_statue, hex_intersection,
          chequers_serial_rivers_micro_c, uniq_kirke, uniq_roxanne, uniq_nessos,
          uniq_azrael
D:15:     grunt_enter_depths_hoard, layout_loops_cross, serial_park_gazebo
          [serial_park_minivault_5x5_4], drop_trap
Temple:   dpeg_five_rooms_temple
Lair:1:   layout_cave_shapes
Lair:2:   layout_chaotic_city, minmay_swamp_entry_swarm
Lair:3:   layout_loops_ring, minmay_snake_entry_guardpost_small,
          beast_lair_carwin_2, uniq_sonja
Lair:4:   layout_layer_cave, special_room [special_room_mythical_zoo],
          serial_bayou_pond_e, lemuel_fruit_fields
Lair:5:   regret_index_combs_of_tragedy, layout_cave_pods, slime_altar_1,
          basic_altar, uniq_urug
Lair:6:   evilmike_catoblepas_cave, layout_misc_corridors, st_stairs_6,
          serial_bayou_shore_a, grunt_megastairs_2, lemuel_fruit_tree,
          uniq_josephine
Swamp:1:  layout_basic_swamp, nicolae_swamp_rocky_clearing
Swamp:2:  layout_basic_swamp, ebering_ghost_xom, evilmike_swamp_ruin_house_2,
          infiniplex_staircase_pool, uniq_louise
Orc:1:    layout_caves
Orc:2:    st_orc_congregation, layout_caves, basic_altar,
          gauntlet_entry_generic, lemuel_statue_altar

Skill      XL: |  1  2  3  4  5  6  7  8  9 10 11 12 13 14 15 16 17 |
---------------+----------------------------------------------------+-----
Fighting       | 1 2 3 6 8 11 12 13 15 16 17 18 | 18.2
Spellcasting   | 3 4 5 6 7 8 9 11 12 | 12.7
Conjurations   | 5 7 8 9 10 11 12 | 12.9
Translocations | 1 3 |  3.5
Shields        | 1 3 4 |  4.0
Necromancy     | 1 3 |  3.0
Hexes          | 1 3 5 6 |  6.0
Dodging        | 3 5 7 8 9 |  9.7
Evocations     | 3 5 |  5.0
Fire Magic     | 3 6 8 |  8.0
Earth Magic    | 3 6 |  6.0
Polearms       | 1 6 7 |  7.0
Stealth        | |  1.7

Action                   |  1- 3 |  4- 6 |  7- 9 | 10-12 | 13-15 | 16-18 || total
-------------------------+-------+-------+-------+-------+-------+-------++-------
Melee: Unarmed           |   139 |     3 |       |       |       |       ||   142
       Tailslap          |    13 |     2 |     6 |    12 |    87 |    43 ||   163
       Dagger            |       |    19 |     1 |       |       |       ||    20
       Whip              |       |       |    61 |     8 |       |       ||    69
       Long sword        |       |       |       |    64 |     1 |       ||    65
       Demon trident     |       |       |       |       |   546 |   253 ||   799
       Staff             |       |       |       |       |    33 |     6 ||    39
       Bite              |       |       |       |       |    51 |    35 ||    86
Throw: Throwing net      |       |       |       |       |     1 |     1 ||     2
 Cast: Magic Dart        |    26 |    43 |    60 |   155 |   113 |     1 ||   398
       Searing Ray       |     4 |    22 |    81 |   186 |   130 |       ||   423
       Fulminant Prism   |       |       |       |    22 |   114 |    27 ||   163
       Stone Arrow       |       |       |       |       |   345 |   335 ||   680
       Bolt of Magma     |       |       |       |       |    27 |    20 ||    47
       Starburst         |       |       |       |       |     2 |    37 ||    39
       Orb of Destructio |       |       |       |       |    10 |    12 ||    22
       Blink             |       |       |       |       |       |     1 ||     1
 Abil: Breathe Acid      |       |       |     5 |     2 |    17 |     4 ||    28
Evoke: Wand              |       |       |       |     1 |     2 |     6 ||     9
  Use: Scroll            |       |       |     8 |    13 |    15 |     6 ||    42
       Potion            |       |       |       |     1 |     5 |     1 ||     7
 Stab: Sleeping          |       |       |       |     2 |     2 |       ||     4
       Petrified         |       |       |       |       |     5 |       ||     5
  Eat: Chunk             |     3 |     9 |    19 |    29 |    46 |    28 ||   134
       Ration            |       |       |       |     1 |    11 |     7 ||    19
Armor: Skin              |    63 |    25 |    48 |   135 |   400 |   140 ||   811
Dodge: Dodged            |   126 |    29 |   121 |   220 |   883 |   386 ||  1765
Block: Buckler           |       |       |     4 |    85 |   295 |   108 ||   492
       Rpst.: Long sword |       |       |       |    54 |     3 |       ||    57
